 Dungeon Sprint DCSS version 0.21.2 (webtiles) character file.

2200000 Fang the Envenomancer (level 18, -11/169 HPs)
             Began as a Red Draconian Venom Mage on Jan 31, 2019.
             Was an Elder of Makhleb.
             Mangled by a bag of meat
             ... wielding a +9 war axe
              (33 damage)
             ... in the Dungeon (Sprint VIII: "Arena of Blood").
             The game lasted 00:00:36 (22 turns).

Fang the Envenomancer (Red Draconian Venom Mage)      Turns: 22, Time: 00:00:36

Health: -11/169    AC: 10    Str: 18    XL:     18   Next: 37%
Magic:  7/49       EV: 25    Int: 16    God:    Makhleb [****..]
Gold:   0          SH:  0    Dex: 12    Spells: 70/71 levels left

rFire    + . .     SeeInvis .   i - +∞ Axe of Woe
rCold    . . .     Gourm    .   (shield currently unavailable)
rNeg     . . .     Faith    .   (armour unavailable)
rPois    .         Spirit   .   (helmet restricted)
rElec    .         Reflect  .   (no cloak)
rCorr    .         Harm     .   (no gloves)
MR       +....     NoTele   +   (no boots)
Stlth    +++++++...             (no amulet)
HPRegen  0.38/turn              (no ring)
MPRegen  0.31/turn              (no ring)

@: short of breath
A: breathe fire, unfitting armour, fire resistance 1, cold-blooded, AC +10
a: Breathe Fire, Minor Destruction, Lesser Servant of Makhleb, Major
Destruction, Renounce Religion


You were in the Dungeon.
You worshipped Makhleb.
Makhleb was greatly pleased with you.
You were not hungry.

You visited 1 branch

Inventory:

Hand Weapons
 i - the +∞ Axe of Woe (weapon)
   (You found it in the Dungeon)
Scrolls
 h - a scroll of blinking
Potions
 c - a potion of curing
 d - a potion of heal wounds
 e - a potion of haste
 f - 2 potions of magic
 g - a potion of berserk rage
Books
 a - a Young Poisoner's Handbook

   Spells                             Type                      Level
   a - Sting                          Conjuration/Poison           1
   b - Poisonous Vapours              Poison/Air                   2
   c - Mephitic Cloud                 Conjuration/Poison/Air       3
   d - Olgreb's Toxic Radiance        Poison                       4
   e - Venom Bolt                     Conjuration/Poison           5
Comestibles
 b - a ration


   Skills:
 + Level 17.1 Fighting
 + Level 25.2 Axes
 + Level 22.1 Dodging
 + Level 20.0 Stealth
 O Level 27 Spellcasting
 + Level 8.9 Conjurations
 O Level 27 Poison Magic


You had 70 spell levels left.
You knew the following spells:

 Your Spells              Type           Power        Failure   Level  Hunger
a - Sting                 Conj/Pois      ####         0%          1    None


Dungeon Overview and Level Annotations

Branches:
Dungeon (1/1)

Altars:
Makhleb


Innate Abilities, Weirdness & Mutations

You can breathe blasts of fire.
Your fiery red scales are hard. (AC +10)
You cannot fit into any form of body armour.
Your flesh is heat resistant. (rF+)
You are cold-blooded and may be slowed by cold attacks.


Message History

Your experience leads to an increase in your attributes!
Increase (S)trength, (I)ntelligence, or (D)exterity?
You feel stronger.
Your scales feel tougher.
You hear a shout! x4
The large bag of meat appears out of thin air!
A large bag of meat comes into view. It is wielding a +9 giant spiked club.
You hear a shout! x9
Press: ? - help, Shift-Dir - straight line, f - bag of meat
Aim: a bag of meat, wielding a +9 war axe and wearing a +30 ring of slaying You breathe a blast of fire!
The fiery breath hits the bag of meat.
The bag of meat is lightly wounded.
You feel somewhat more hungry.
You hear a shout! x2
The meat berserker completely misses you.
You hear a shout! x2
The bag of meat hits you with a +9 war axe!!
* * * LOW HITPOINT WARNING * * *
You hear a shout!
The bag of meat hits you with a +9 war axe!!
You die...

#... ...# . #...
...# .... ..###...
...###....
......###.....O...
......_......o...
#..)..#...o...
#_.<)_#.......
..#...))#o.....#
......_))@oo.....
......###..O...o..
..###.......###o...
. #.......#


.oo #.o....V# . ......... .......... .......... You could see a destroyer, a
large bag of meat (inner flame), a meat berserker (berserk) and 10 bags of meat.

Vanquished Creatures
  5 ogres (D)
  7 orcs (D)
12 creatures vanquished.

Notes
Turn   | Place    | Note
-------+----------+-------------------------------------------
     0 | D        | Found the +∞ Axe of Woe
     0 | D        | Fang the Draconian Venom Mage began the quest for the Orb.
     0 | D        | Reached XP level 1. HP: 14/14 MP: 3/3
     3 | D        | Noticed a bag of meat
     4 | D        | Became a worshipper of Makhleb the Destroyer
     7 | D        | Noticed a bag of meat
     9 | D        | Noticed a bag of meat
     9 | D        | Noticed a meat berserker
    10 | D        | Killed a meat berserker
    10 | D        | Reached skill level 10 in Stealth
    10 | D        | Reached skill level 5 in Conjurations
    10 | D        | Reached XP level 2. HP: 20/20 MP: 3/16
    10 | D        | Reached XP level 3. HP: 26/26 MP: 3/18
    10 | D        | Reached XP level 4. HP: 33/33 MP: 3/19
    10 | D        | Reached XP level 5. HP: 38/38 MP: 3/21
    10 | D        | Reached XP level 6. HP: 45/45 MP: 3/22
    10 | D        | Your scales start taking on a fiery red colour.
    10 | D        | Reached XP level 7. HP: 50/50 MP: 3/24
    10 | D        | Gained mutation: Your flesh is heat resistant. (rF+) [Red Draconian growth]
    10 | D        | Reached XP level 8. HP: 57/57 MP: 3/25
    10 | D        | Reached XP level 9. HP: 62/62 MP: 3/26
    10 | D        | Reached XP level 10. HP: 69/69 MP: 3/27
    10 | D        | Reached XP level 11. HP: 74/74 MP: 3/28
    10 | D        | Reached XP level 12. HP: 81/81 MP: 3/29
    10 | D        | Reached XP level 13. HP: 86/86 MP: 3/30
    11 | D        | Noticed a meat berserker
    11 | D        | Killed a bag of meat
    11 | D        | Reached * piety under Makhleb
    11 | D        | Reached skill level 15 in Spellcasting
    12 | D        | Noticed a bag of meat
    12 | D        | Killed a bag of meat
    12 | D        | Reached XP level 14. HP: 90/103 MP: 3/34
    13 | D        | Noticed a bag of meat
    13 | D        | Noticed a meat berserker
    14 | D        | Noticed a bag of meat
    14 | D        | Noticed a meat berserker
    14 | D        | Killed a meat berserker
    14 | D        | Reached skill level 5 in Fighting
    14 | D        | Reached skill level 15 in Dodging
    14 | D        | Reached skill level 27 in Poison Magic
    14 | D        | Reached XP level 15. HP: 37/115 MP: 4/37
    15 | D        | Killed a meat berserker
    15 | D        | Reached ** piety under Makhleb
    15 | D        | Reached skill level 15 in Axes
    15 | D        | Reached skill level 15 in Stealth
    16 | D        | Reached XP level 16. HP: 23/132 MP: 5/42
    16 | D        | Reached skill level 10 in Fighting
    16 | D        | Killed a meat berserker
    16 | D        | Reached *** piety under Makhleb
    16 | D        | Reached XP level 17. HP: 26/149 MP: 5/45
    17 | D        | Noticed a meat berserker
    17 | D        | Noticed a meat berserker
    19 | D        | Noticed a destroyer
    20 | D        | Reached skill level 15 in Fighting
    20 | D        | Reached **** piety under Makhleb
    21 | D        | Killed a meat berserker
    21 | D        | Reached skill level 27 in Spellcasting
    21 | D        | Reached XP level 18. HP: 45/169 MP: 6/49
    22 | D        | Noticed a large bag of meat
    22 | D        | Mangled by a bag of meat

Skill      XL: |  1  2  3  4  5  6  7  8  9 10 11 12 13 14 15 16 17 |
---------------+----------------------------------------------------+-----
Axes           | 6 8 11 16 20 25 | 25.2
Dodging        | 11 13 15 17 19 22 | 22.1
Stealth        | 10 12 14 16 17 20 | 20.0
Spellcasting   | 13 16 18 22 24 27 | 27.0
Conjurations   | 5 6 7 8 |  8.9
Poison Magic   | 23 26 27 | 27.0
Fighting       | 3 5 9 13 17 | 17.1

Action                   |  1- 3 |  4- 6 |  7- 9 | 10-12 | 13-15 | 16-18 || total
-------------------------+-------+-------+-------+-------+-------+-------++-------
Melee: Executioner's axe |     1 |       |       |       |     5 |     2 ||     8
 Abil: Breathe Fire      |       |       |       |       |       |     1 ||     1
Dodge: Dodged            |       |       |       |       |     2 |     1 ||     3
